 Dungeon Crawl Stone Soup version 0.18.1-8-gdd0e5ea (webtiles) character file.

1172 nikopol the Chopper (level 8, -2/71 HPs)
             Began as a Minotaur Berserker on May 31, 2016.
             Was an Elder of Trog.
             Slain by an ice beast (4 damage)
             ... on level 6 of the Dungeon.
             The game lasted 00:09:25 (4454 turns).

nikopol the Chopper (Minotaur Berserker)            Turns: 4454, Time: 00:09:26

Health: -2/71      AC:  3    Str: 21    XL:     8   Next: 18%
Magic:  7/7        EV: 14    Int:  4    God:    Trog [****..]
Gold:   126        SH:  0    Dex: 13    Spells: 0 memorised, 7 levels left

rFire  . . .     SeeInvis +     t - +2 hand axe (chop)
rCold  . . .     Gourm    .     u - +0 leather armour (curse)
rNeg   . . .     Faith    .     (no shield)
rPois  .         Spirit   .     (helmet restricted)
rElec  .         Dismiss  .     (no cloak)
rCorr  +         Reflect  .     (no gloves)
SustAt .         Harm     .     (no boots)
MR     .....                    (no amulet)
Stlth  +.........               x - ring of see invisible
                                r - ring of resist corrosion

@: exhausted, slowed, very slow, not resistant to hostile enchantments, very
unstealthy
A: retaliatory headbutt, horns 2
a: Berserk, Trog's Hand, Brothers in Arms, Burn Spellbooks, Renounce Religion


You were on level 6 of the Dungeon.
You worshipped Trog.
Trog was greatly pleased with you.
You were not hungry.

You visited 1 branch of the dungeon, and saw 6 of its levels.

You collected 126 gold pieces.

Inventory:

Hand Weapons
 a - a +0 hand axe
 g - a +0 war axe
 t - a +2 hand axe of chopping (weapon)
Armour
 b - a +0 animal skin
 u - a cursed +0 leather armour (worn)
 w - a +0 ring mail
Jewellery
 r - a ring of resist corrosion (left hand)
 x - a ring of see invisible (right hand)
Scrolls
 d - 3 scrolls of random uselessness {unknown}
 e - 2 scrolls of noise {unknown}
 f - 4 scrolls of identify {unknown}
 h - a scroll of recharging {unknown}
 j - a scroll of magic mapping {unknown}
 o - 4 scrolls of remove curse {unknown}
 p - a scroll of enchant armour {unknown}
Potions
 i - 2 potions of flight {unknown}
 k - a potion of curing {unknown}
 l - a potion of haste {unknown}
 m - a potion of heal wounds {unknown}
 s - a potion of brilliance {unknown}
Comestibles
 c - 4 bread rations
 n - a meat ration
 q - 3 fruits
 v - 5 chunks of flesh


   Skills:
 + Level 6.9 Fighting
 + Level 7.1 Axes
 + Level 6.0 Armour
 + Level 5.6 Dodging


You had 7 spell levels left.
You didn't know any spells.

Dungeon Overview and Level Annotations

Branches:
Dungeon (6/15)             Temple (0/1) D:6

Altars:
Makhleb
Trog

Shops:
D:5 [


Innate Abilities, Weirdness & Mutations

You reflexively headbutt those who attack you in melee.
You have a pair of horns on your head.


Message History

The ice beast misses you.
You barely miss the ice beast. You headbutt the ice beast.
The ice beast is moderately wounded.
The ice beast hits you. The ice beast freezes you!
* * * LOW HITPOINT WARNING * * *
The ice beast hits you.
* * * LOW HITPOINT WARNING * * *
The ice beast freezes you!
* * * LOW HITPOINT WARNING * * *
There is a stone staircase leading up here.
You closely miss the ice beast. You headbutt the ice beast.
The ice beast is heavily wounded.
The ice beast hits you.
* * * LOW HITPOINT WARNING * * *
The ice beast freezes you.
* * * LOW HITPOINT WARNING * * *
You hit the ice beast. You headbutt the ice beast!
The ice beast is severely wounded.
The ice beast hits you.
You die...

####...#####?..###
.......(.#...#....
#.............#
#......P.P....#
#.......>†.#
#.....P.P.#
#.....)...#
#....Y...##
#...@##..#
.......###.....
#...... ...###.#
#.##... .... #
#### #####


You could see an ice beast.

Vanquished Creatures
  The ghost of Northaan the Digger, a novice GrEE of Vehumet (D:6)
  A phantom (D:4)
  An ogre (D:6)
  3 scorpions
  A howler monkey (D:4)
  2 quasits (D:5)
  A centaur skeleton (D:4)
  2 hounds
  A giant frog skeleton (D:5)
  An iguana (D:4)
  Natasha (twice) (D:4)
  2 worker ants (D:5)
  6 adders
  2 oozes (D:3)
  An adder zombie (D:5)
  2 worms
  5 dart slugs
  6 giant geckos
  7 orcs
  6 giant cockroaches
  13 goblins
  7 hobgoblins
  12 jackals
  A ball python (D:4)
  6 bats
  A giant gecko skeleton (D:5)
  3 giant newts
  11 kobolds
  5 rats
112 creatures vanquished.

Vanquished Creatures (others)
  A wizard (D:4)
1 creature vanquished.

Grand Total: 113 creatures vanquished

Notes
Turn   | Place    | Note
--------------------------------------------------------------
     0 | D:1      | nikopol the Minotaur Berserker began the quest for the Orb.
     0 | D:1      | Reached XP level 1. HP: 19/19 MP: 0/0
   464 | D:1      | Reached XP level 2. HP: 22/27 MP: 1/1
   664 | D:1      | Reached skill level 4 in Axes
   669 | D:1      | Reached ** piety under Trog
   692 | D:1      | Reached XP level 3. HP: 29/33 MP: 2/2
  1449 | D:2      | Reached XP level 4. HP: 29/40 MP: 3/3
  2247 | D:3      | Reached *** piety under Trog
  2602 | D:3      | Found a burning altar of Makhleb.
  2605 | D:3      | Reached XP level 5. HP: 43/47 MP: 4/4
  2607 | D:3      | Noticed an Executioner
  2612 | D:3      | Noticed a smoke demon
  2612 | D:3      | Noticed a smoke demon
  2673 | D:4      | Found a bloodstained altar of Trog.
  2683 | D:4      | Noticed a wizard
  2686 | D:4      | Killed a wizard
  2720 | D:4      | Reached skill level 5 in Axes
  3026 | D:4      | Reached skill level 5 in Fighting
  3221 | D:4      | Noticed Natasha
  3225 | D:4      | Reached XP level 6. HP: 56/56 MP: 5/5
  3228 | D:4      | Killed Natasha
  3527 | D:4      | Noticed Natasha
  3537 | D:4      | Killed Natasha
  3799 | D:4      | Reached XP level 7. HP: 56/62 MP: 6/6
  3841 | D:5      | Entered Level 5 of the Dungeon
  3851 | D:5      | Reached **** piety under Trog
  3912 | D:5      | Reached skill level 6 in Axes
  3912 | D:5      | Reached skill level 5 in Armour
  4129 | D:5      | Found Couxt's Armour Shop.
  4419 | D:6      | Found a staircase to the Ecumenical Temple.
  4419 | D:6      | Noticed Northaan's ghost (novice GrEE)
  4428 | D:6      | Killed Northaan's ghost
  4428 | D:6      | Reached skill level 5 in Dodging
  4428 | D:6      | Reached XP level 8. HP: 71/71 MP: 7/7
  4431 | D:6      | Reached skill level 7 in Axes
  4453 | D:6      | HP: 2/71 [ice beast (5)]
  4454 | D:6      | Slain by an ice beast

Skill      XL: |  1  2  3  4  5  6  7  8 |
---------------+-------------------------+-----
Axes           | 4 5 6 7 |  7.1
Fighting       | 4 5 6 |  6.9
Armour         | 3 4 5 6 |  6.0
Dodging        | 3 4 5 |  5.6

Action                   |  1- 3 |  4- 6 |  7- 9 || total
-------------------------+-------+-------+-------++-------
Melee: Hand axe          |    59 |    48 |    59 ||   166
       Headbutt          |     9 |    23 |    11 ||    43
       War axe           |    17 |    52 |       ||    69
Invok: Berserk           |       |       |     1 ||     1
 Stab: Sleeping          |     2 |       |       ||     2
  Eat: Chunk             |     2 |     7 |     2 ||    11
       Fruit             |       |       |     1 ||     1
Armor: Animal skin       |    17 |     5 |       ||    22
       Leather armour    |       |     8 |    26 ||    34
Dodge: Dodged            |    37 |    73 |    45 ||   155
